 Dungeon Crawl Stone Soup version 0.19-a0-1268-g6c5d9f8 (webtiles) character file.

301 Espgualade the Skirmisher (level 6, 0/45 HPs)
             Began as an Octopode Ice Elementalist on Aug 29, 2016.
             Hit by a stone thrown by a big kobold (3 damage)
             ... in a sewer.
             The game lasted 00:11:03 (3051 turns).

Espgualade the Skirmisher (OpIE)                    Turns: 3051, Time: 00:11:04

Health: 0/45       AC:  1    Str:  7    XL:     6   Next: 37%
Magic:  8/9        EV: 14    Int: 20    God:
Gold:   103        SH:  0    Dex: 12    Spells: 3 memorised, 3 levels left

rFire  . . .     SeeInvis .     d - +0 club (curse)
rCold  . . .     Gourm    .     (no shield)
rNeg   + . .     Faith    .     (helmet restricted)
rPois  .         Spirit   .     (no amulet)
rElec  .         Dismiss  .     i - ring of positive energy
rCorr  .         Reflect  .     (no ring)
MR     .....     Harm     .     (no ring)
Stlth  +++++.....               (no ring)
                                (no ring)
                                (no ring)
                                (no ring)
                                (no ring)

@: no status effects
A: almost no armour, stealthy swim, amphibious, 8 rings, constrict 8, camouflage
1, gelatinous body 1
a: no special abilities


You were in a sewer.
You were not hungry.

You visited 1 branch of the dungeon, and saw 3 of its levels.
You also visited: Sewer.

You collected 103 gold pieces.

Inventory:

Hand Weapons
 d - a cursed +0 club (weapon)
 e - a +3 vampiric dagger
 f - a cursed -1 rapier
 m - a +0 blowgun
 n - a +2 whip of flaming
Missiles
 p - 5 curare-tipped needles
Jewellery
 i - a ring of positive energy (left tentacle)
Scrolls
 k - a scroll of fog
 l - a scroll of identify
Potions
 h - a potion of haste
 j - a potion of magic
Books
 a - a book of Frost

   Spells                             Type                      Level
   a - Freeze                         Ice                          1
   b - Throw Frost                    Conjuration/Ice              2
   c - Ozocubu's Armour               Charms/Ice                   3
   d - Throw Icicle                   Conjuration/Ice              4
   e - Summon Ice Beast               Ice/Summoning                4
Comestibles
 b - 2 bread rations
 c - a royal jelly
 o - 4 fruits


   Skills:
 - Level 5.3 Fighting
 + Level 2.8 Dodging
 + Level 3.9 Stealth
 - Level 2.0 Spellcasting
 - Level 1.0 Conjurations
 - Level 3.0 Ice Magic


You had 3 spell levels left.
You knew the following spells:

 Your Spells              Type           Power        Failure   Level  Hunger
a - Freeze                Ice            ##..         4%          1    #......
b - Throw Frost           Conj/Ice       ##....       12%         2    ##.....
c - Ozocubu's Armour      Chrm/Ice       #.......     24%         3    ###....


Dungeon Overview and Level Annotations

Branches:
Dungeon (3/15)

Altars:

Annotations:
Sewer exclusion: ufetubus


Innate Abilities, Weirdness & Mutations

You cannot wear most types of armour.
You are very stealthy in the water.
You are amphibious.
You can wear up to eight rings at the same time.
You can use your tentacles to constrict eight enemies at once.
Your skin changes colour to match your surroundings (Stealth+).
Your rubbery body absorbs attacks. (AC +1, EV +1)


Message History

You constrict the shadow imp. The shadow imp barely misses you.
You hit the shadow imp but do no damage.
The shadow imp is almost dead.
You constrict the shadow imp.
You kill the shadow imp!
You see here a stone.
A big kobold comes into view. It is wielding a short sword.
The big kobold shouts!
You hear a chilling moan.
The big kobold throws a stone.
The stone hits you but does no damage.
A quasit comes into view.
There is an open door here.
Items here: (( )) † a stone; an uncursed blowgun; a whip; 14 poisoned needles; a kobold corpse You see here a stone.
The big kobold throws a stone.
The stone hits you.
* * * LOW HITPOINT WARNING * * *
You hear a splash.
You see here a stone.
The big kobold throws a stone.
The stone hits you.
You die...

§..###.####.#≈###≈≈#≈#####.##
..#..≈#≈≈.≈...†......≈#..≈#
.'..≈≈≈≈≈.≈≈≈≈≈≈≈≈≈≈...≈≈≈
.#.5≈#≈≈.≈...........#.≈≈#
##.####.###≈##≈##≈####.##
#(((#...≈≈≈≈≈≈≈≈≈≈≈≈#.≈≈#
#≈.†#..≈≈≈≈≈≈≈≈≈≈≈≈≈#..≈#
#≈≈(#.≈≈≈≈≈≈≈≈≈≈≈≈≈≈#.≈≈#
#≈≈K#.≈(@≈≈≈≈≈≈≈≈≈≈≈#.≈≈#
#≈(.#(≈≈≈≈≈≈≈≈≈≈≈≈≈≈#.≈≈#
#≈≈K(†.≈≈≈≈≈≈≈≈≈≈≈≈≈#.≈≈#
##.###################.##
#...#≈≈≈≈≈≈≈≈≈≈≈≈≈≈≈#.≈≈#
#≈≈≈..≈≈(≈≈≈≈≈≈≈≈≈≈≈≈...≈
#≈≈.#≈≈≈≈≈≈≈≈≈≈≈≈≈≈≈#≈≈≈#
#########################


You could see a big kobold.

Vanquished Creatures
  Jessica (D:3)
  Natasha (twice) (D:3)
  3 big kobold zombies (Sewer)
  Robin (D:2)
  4 adders
  2 shadow imps (Sewer)
  An ufetubus (Sewer)
  An adder zombie (Sewer)
  A worm (D:2)
  A dart slug (D:1)
  An orc (D:3)
  A ball python (D:1)
  7 bats
  5 giant cockroaches
  16 goblins
  9 hobgoblins
  16 kobolds
  2 quokkas
  A giant cockroach zombie (Sewer)
  4 giant newts
  A kobold zombie (Sewer)
  6 rats
86 creatures vanquished.

Vanquished Creatures (others)
  2 big kobold zombies (Sewer)
  A giant cockroach zombie (Sewer)
  A kobold zombie (Sewer)
4 creatures vanquished.

Grand Total: 90 creatures vanquished

Notes
Turn   | Place    | Note
-------+----------+-------------------------------------------
     0 | D:1      | Espgualade the Octopode Ice Elementalist began the quest for the Orb.
     0 | D:1      | Reached XP level 1. HP: 11/11 MP: 3/3
    28 | D:1      | Reached skill level 1 in Fighting
    64 | D:1      | Reached XP level 2. HP: 6/18 MP: 3/5
   397 | D:1      | Reached skill level 2 in Fighting
   965 | D:1      | Reached XP level 3. HP: 25/25 MP: 6/6
  1139 | D:1      | Learned a level 2 spell: Throw Frost
  1143 | D:1      | Learned a level 3 spell: Ozocubu's Armour
  1185 | D:2      | Noticed Robin
  1200 | D:2      | Killed Robin
  1200 | D:2      | Reached skill level 3 in Fighting
  1308 | D:2      | Reached XP level 4. HP: 29/32 MP: 5/7
  1887 | D:2      | Reached skill level 4 in Fighting
  2168 | D:2      | You fall through a shaft!
  2168 | D:3      | Noticed Natasha
  2174 | D:3      | Killed Natasha
  2174 | D:3      | Reached XP level 5. HP: 31/38 MP: 4/8
  2233 | D:3      | Noticed Natasha
  2240 | D:3      | Killed Natasha
  2357 | D:3      | Noticed Jessica
  2367 | D:3      | Killed Jessica
  2367 | D:3      | Reached skill level 5 in Fighting
  2381 | D:3      | Found a glowing drain.
  2432 | Sewer    | Entered a sewer
  2652 | Sewer    | Reached XP level 6. HP: 24/45 MP: 7/9
  3051 | Sewer    | Hit by a stone thrown by a big kobold

Vault maps used:
D:1:      mrwooster_arrival_arrow
D:2:      uniq_robin
D:3:      gup_sewer_entry_glass, uniq_natasha, uniq_jessica
Sewer:    kennysheep_sewer_church

Skill      XL: |  1  2  3  4  5 |
---------------+----------------+-----
Fighting       | 1 2 3 4 5 |  5.3
Stealth        | 3 |  3.9
Dodging        | |  2.8
Spellcasting   | |  2.0
Conjurations   | |  1.0
Ice Magic      | |  3.0

Action                   |  1- 3 |  4- 6 || total
-------------------------+-------+-------++-------
Melee: Club              |    73 |   150 ||   223
       Tentacles         |     7 |    30 ||    37
       Unarmed           |     3 |       ||     3
       Constrict         |    22 |    44 ||    66
 Cast: Freeze            |     5 |    19 ||    24
       Ozocubu's Armour  |       |     3 ||     3
  Use: Potion            |     2 |     3 ||     5
       Scroll            |     1 |     7 ||     8
 Stab: Sleeping          |     7 |     6 ||    13
  Eat: Chunk             |     1 |     4 ||     5
       Bread ration      |       |     1 ||     1
       Fruit             |       |     1 ||     1
Armor: Skin              |     6 |    32 ||    38
Dodge: Dodged            |    53 |   150 ||   203
